 Dungeon Crawl Stone Soup version 0.21.0-24-g2553a33 (webtiles) character file.

194 Monsterracer the Twirler (level 5, -1/31 HPs)
             Began as a Deep Elf Gladiator on Jan 20, 2018.
             Succumbed to Crazy Yiuf's poison
             ... while paralysed by Crazy Yiuf
             ... on level 3 of the Dungeon.
             The game lasted 00:03:55 (3485 turns).

Monsterracer the Twirler (Deep Elf Gladiator)       Turns: 3485, Time: 00:03:56

Health: -1/31      AC:  7    Str: 11    XL:     5   Next: 44%
Magic:  16/16      EV:  2    Int: 13    God:
Gold:   112        SH:  0    Dex: 17    Spells: 2/4 levels left

rFire    . . .     SeeInvis .   a - +0 quarterstaff
rCold    . . .     Gourm    .   (shield currently unavailable)
rNeg     . . .     Faith    .   j - +0 ring mail
rPois    .         Spirit   .   f - +0 helmet
rElec    .         Reflect  .   (no cloak)
rCorr    .         Harm     .   t - +0 pair of gloves
MR       .....                  (no boots)
Stlth    +.........             (no amulet)
HPRegen  0.10/turn              k - +1 ring of evasion
MPRegen  0.15/turn              g - ring of magical power

@: paralysed, lethally poisoned (-1 -> -20), drained
A: no striking features
a: no special abilities


You were on level 3 of the Dungeon.
You were not hungry.

You visited 1 branch of the dungeon, and saw 4 of its levels.

You collected 112 gold pieces.

Inventory:

Hand Weapons
 a - a +0 quarterstaff (weapon)
Armour
 f - a +0 helmet (worn)
 j - a +0 ring mail (worn)
 t - a +0 pair of gloves (worn)
Jewellery
 g - a ring of magical power (right hand)
 k - a +1 ring of evasion (left hand)
 u - an uncursed ring of wizardry
Scrolls
 b - 2 scrolls of remove curse
 h - a scroll of fear {!r}
Potions
 e - a potion of magic {unknown}
 n - a potion of brilliance
 p - a potion of mutation {!q}
 q - a potion of curing {unknown}
 r - 2 potions of agility
 s - 2 potions of haste
Books
 i - a book of Minor Magic

   Spells                             Type                      Level
   a - Magic Dart                     Conjuration                  1
   b - Blink                          Translocation                2
   c - Call Imp                       Summoning                    2
   d - Slow                           Hexes                        2
   e - Conjure Flame                  Conjuration/Fire             3
   f - Mephitic Cloud                 Conjuration/Poison/Air       3
Comestibles
 c - 2 rations


   Skills:
 + Level 2.7(2.4) Fighting
 * Level 4.9(4.6) Staves
 - Level 2.0(1.7) Throwing
 + Level 4.8(4.5) Dodging


You had 2 spell levels left.
You knew the following spells:

 Your Spells              Type           Power        Failure   Level  Hunger
e - Blink                 Tloc           N/A          75%         2    ###....


Dungeon Overview and Level Annotations

Branches:
Dungeon (4/15)
 Temple: D:4-7

Altars:
Beogh

Annotations:
D:2 Ijyb
D:3 Crazy Yiuf


Message History

You butcher the frilled lizard corpse.
l - a chunk of flesh Eating a chunk of flesh.
You eat the chunk of flesh.
This raw flesh tastes terrible.
Key pressed, stopping explore.
No target in view!
No target in view!
Key pressed, stopping explore.
No target in view!
There is a stone staircase leading up here.
Key pressed, stopping explore.
No target in view!
Key pressed, stopping explore.
No target in view!
Found a runed door.
You see here a ring mail.
Things that are here:
a club x2
Items here: ( ) = [ an uncursed ring of teleportation; a leather armour; 2 tomahawks; a club You see here a short sword.
Key pressed, stopping explore.
Items here: ( ) = [ an uncursed ring of teleportation; a leather armour; 2 tomahawks; a club
Things that are here:
a club x2
You see here a ring mail.
Partly explored, unopened runed door.
You aren't carrying any items that you can evoke.
You open the door.
Crazy Yiuf the Enlightened comes into view.
He is wielding a quarterstaff of chaos.
Crazy Yiuf shouts!
Crazy Yiuf says, "Snower!
Ghoul sizzlefizz fast."
Found a mace.
There is an open door here.
You hit Crazy Yiuf but do no damage.
Crazy Yiuf hits you with a quarterstaff of chaos.
You feel drained.
You take 6 damage, and have 25/31 hp.
Throwing (i - inventory):
d - 3 throwing nets (quivered)
Press: ? - help, Shift-Dir - straight line, f - Crazy Yiuf
Aim: Crazy Yiuf, wielding a quarterstaff of chaos and wearing a cloak You throw a throwing net.
The throwing net barely misses Crazy Yiuf.
Crazy Yiuf cries, "Liver sing-song King!"
Crazy Yiuf closely misses you.
Throwing (i - inventory):
d - 2 throwing nets (quivered)
Press: ? - help, Shift-Dir - straight line, f/p - Crazy Yiuf
Aim: Crazy Yiuf, wielding a quarterstaff of chaos and wearing a cloak You throw a throwing net.
The throwing net hits Crazy Yiuf.
Crazy Yiuf is caught in the net!
Crazy Yiuf screams, "Tonal!
Iron testudinal sizzlefizz."
Crazy Yiuf struggles against the net.
You catch the helpless Crazy Yiuf completely off-guard!
You sock Crazy Yiuf!
Crazy Yiuf is moderately wounded.
Crazy Yiuf struggles against the net.
You hit Crazy Yiuf.
Crazy Yiuf is heavily wounded.
Crazy Yiuf struggles against the net.
You hit Crazy Yiuf.
Crazy Yiuf is heavily wounded.
Crazy Yiuf struggles against the net.
You hit Crazy Yiuf but do no damage.
Crazy Yiuf is heavily wounded.
Crazy Yiuf struggles against the net.
The net rips apart, and Crazy Yiuf comes free!
You closely miss Crazy Yiuf.
Crazy Yiuf is heavily wounded.
Crazy Yiuf hits you with a quarterstaff of chaos!
Crazy Yiuf freezes you.
* * * LOW HITPOINT WARNING * * *
You take 11 damage, and have 15/31 hp.
MASSIVE DAMAGE!!
You hit Crazy Yiuf but do no damage.
Crazy Yiuf is heavily wounded.
Crazy Yiuf hits you with a quarterstaff of chaos.
* * * LOW HITPOINT WARNING * * *
You are poisoned.
You take 1 damage, and have 14/31 hp.
You hit Crazy Yiuf but do no damage.
Crazy Yiuf is heavily wounded.
You feel sick.
Crazy Yiuf glowers.
Crazy Yiuf hits you with a quarterstaff of chaos.
* * * LOW HITPOINT WARNING * * *
You take 5 damage, and have 9/31 hp.
Throwing (i - inventory):
d - a throwing net (quivered)
Press: ? - help, Shift-Dir - straight line, f/p - Crazy Yiuf
Aim: Crazy Yiuf, wielding a quarterstaff of chaos and wearing a cloak (heavily wounded)
You throw a throwing net.
The throwing net completely misses Crazy Yiuf.
You feel sick.
Crazy Yiuf says, "Mountain!
Race water sing-song."
Crazy Yiuf hits you with a quarterstaff of chaos.
* * * LOW HITPOINT WARNING * * *
You suddenly lose the ability to move!
Crazy Yiuf hits you with a quarterstaff of chaos.
* * * LOW HITPOINT WARNING * * *
You are more poisoned.
You die...

#####.#
#####.#######
#####
............#
#..)#
#############
#...# # #...#
#############
#'#
............#
♣♣(♣
###########.#
♣g♣♣ #.# ♣♣@♣
#.# ♣.♣♣ #.#
♣♣.♣♣ #.#
♣...♣♣ #.#
♣....♣ #.#
#....#
#.####..##
#........#
#####...##


You could see Crazy Yiuf.

Vanquished Creatures
  An orc priest (D:3)
  Jessica (D:2)
  2 gnolls (D:1)
  An adder (D:3)
  An ooze (D:1)
  2 worms
  3 dart slugs
  4 leopard geckos
  11 orcs
  5 bats
  3 giant cockroaches
  6 goblins
  13 hobgoblins
  8 jackals
  A quokka (D:2)
  5 frilled lizards
  4 kobolds
  6 rats
77 creatures vanquished.

Notes
Turn   | Place    | Note
-------+----------+-------------------------------------------
     0 | D:1      | Monsterracer the Deep Elf Gladiator began the quest for the Orb.
     0 | D:1      | Reached XP level 1. HP: 12/12 MP: 3/3
   319 | D:1      | Found a roughly hewn altar of Beogh.
   319 | D:1      | Noticed an orc priest
   319 | D:1      | Noticed an orc warrior
   322 | D:1      | Reached XP level 2. HP: 17/17 MP: 4/4
   541 | D:2      | HP: 3/17 [hobgoblin/club (6)]
   544 | D:2      | Reached XP level 3. HP: 4/21 MP: 5/5
  1141 | D:2      | Noticed Jessica
  1147 | D:2      | Killed Jessica
  1174 | D:2      | Reached XP level 4. HP: 26/26 MP: 6/6
  2045 | D:1      | HP: 7/27 [gnoll/spear (7)]
  2439 | D:3      | Noticed Ijyb
  2688 | D:3      | Reached XP level 5. HP: 31/31 MP: 7/7
  3120 | D:3      | Learned a level 2 spell: Blink
  3343 | D:3      | Found a runed door.
  3467 | D:3      | Noticed Crazy Yiuf
  3478 | D:3      | HP: 15/31 [Crazy Yiuf/quarterstaff of chaos (3)]
  3482 | D:3      | HP: 4/31 [Crazy Yiuf/quarterstaff of chaos (4)]
  3482 | D:3      | Paralysed by Crazy Yiuf for 5 turns
  3484 | D:3      | HP: 1/31 [Crazy Yiuf/quarterstaff of chaos (4)]
  3485 | D:3      | Succumbed to Crazy Yiuf's poison

Skill      XL: |  1  2  3 |
---------------+----------+-----
Dodging        | 4 |  4.8
Fighting       | 2 |  2.7
Staves         | 4 |  4.9
Throwing       | |  2.0

Action                   |  1- 3 |  4- 6 || total
-------------------------+-------+-------++-------
Melee: Quarterstaff      |    80 |   158 ||   238
Throw: Throwing net      |       |     3 ||     3
  Use: Scroll            |       |     9 ||     9
 Stab: Held in net/web   |       |     1 ||     1
  Eat: Chunk             |     1 |     7 ||     8
Armor: Leather armour    |    11 |       ||    11
       Ring mail         |    15 |    51 ||    66
Dodge: Dodged            |    46 |   106 ||   152

Vault maps used:
D:1:      erik_arrival_cave_to_civilisation
D:2:      uniq_jessica
D:3:      feat_on_display, uniq_crazy_yiuf_cottage, uniq_ijyb
D:4:      first_ration
